 Dungeon Crawl Stone Soup version 0.19.5 (webtiles) character file.

644 Reinor the Gusty (level 7, 0/36 HPs)
             Began as a Tengu Air Elementalist on Mar 27, 2017.
             Was an Initiate of Sif Muna.
             Succumbed to a scorpion's poison
             ... on level 4 of the Dungeon.
             The game lasted 00:21:55 (4668 turns).

Reinor the Gusty (Tengu Air Elementalist)           Turns: 4668, Time: 00:21:55

Health: 0/36       AC:  4    Str:  6    XL:     7   Next: 52%
Magic:  0/14       EV: 15    Int: 18    God:    Sif Muna [......]
Gold:   161        SH:  0    Dex: 14    Spells: 4 memorised, 3 levels left

rFire  . . .     SeeInvis .     h - +0 quarterstaff
rCold  . . .     Gourm    .     a - +0 robe
rNeg   . . .     Faith    .     (shield currently unavailable)
rPois  .         Spirit   +     (helmet restricted)
rElec  .         Reflect  .     q - -1 cloak (curse)
rCorr  .         Harm     .     m - +1 pair of gloves
MR     .....                    (boots unavailable)
Stlth  ++........               w - amulet of guardian spirit
                                (no ring)
                                (no ring)

@: lethally poisoned (0 -> -3)
A: beak, claws 1, talons 3, weak 1, wild magic 1, able to fly 1
a: Fly, Renounce Religion


You were on level 4 of the Dungeon.
You worshipped Sif Muna.
Sif Muna was noncommittal.
You were not hungry.

You visited 2 branches of the dungeon, and saw 6 of its levels.

You collected 161 gold pieces.

Inventory:

Hand Weapons
 h - a +0 quarterstaff (weapon)
 p - a +4 dagger
Armour
 a - a +0 robe (worn)
 m - a +1 pair of gloves (worn)
 q - a cursed -1 cloak (worn)
Jewellery
 w - an amulet of guardian spirit (around neck)
Wands
 e - a wand of lightning (11/15)
Scrolls
 n - 3 scrolls of remove curse
 s - 3 scrolls of teleportation
 x - a scroll of recharging
Potions
 d - 2 potions of mutation
 k - a potion of brilliance
 o - a potion of lignification
Books
 b - a book of Air

   Spells                             Type                      Level
   a - Shock                          Conjuration/Air              1
   b - Swiftness                      Charms/Air                   2
   c - Repel Missiles                 Charms/Air                   2
   d - Static Discharge               Conjuration/Air              3
   e - Lightning Bolt                 Conjuration/Air              5
Comestibles
 c - 5 bread rations
 f - a chunk of flesh
 g - 2 slices of pizza
 u - 2 meat rations


   Skills:
 + Level 5.4 Dodging
 - Level 2.0 Stealth
 + Level 4.4 Spellcasting
 - Level 1.3 Conjurations
 + Level 7.2 Air Magic


You had 3 spell levels left.
You knew the following spells:

 Your Spells              Type           Power        Failure   Level  Hunger
a - Shock                 Conj/Air       ####         4%          1    None
b - Repel Missiles        Chrm/Air       ###...       10%         2    #......
c - Lightning Bolt        Conj/Air       ####......   85%         5    ######.
d - Static Discharge      Conj/Air       ####....     14%         3    ###....


Dungeon Overview and Level Annotations

Branches:
Dungeon (5/15)             Temple (1/1) D:4

Altars:
Ashenzari
Cheibriados
Dithmenos
Fedhas
Gozag
Hepliaklqana
Kikubaaqudgha
Makhleb
Nemelex Xobeh
Okawaru
Qazlal
Sif Muna
Trog
Vehumet
Xom
Yredelemnul
Lugonu


Innate Abilities, Weirdness & Mutations

You have a beak for a mouth.
You have claws for feet.
You can fly.
You have sharp fingernails.
You are weak. (Str -2)
Your spells are a little harder to cast, but a little more powerful.


Message History

You feel clever all of a sudden.
The scorpion stings you but does no damage.
It was a potion of invisibility.
You fade into invisibility!
* * * LOW HITPOINT WARNING * * *
You feel sick. The scorpion stings you.
* * * LOW HITPOINT WARNING * * *
You are very lightly contaminated with residual magic.
It was a potion of flight.
Your roots keep you in place.
The scorpion stings you but does no damage.
It was a potion of cancellation.
Your magical effects are unravelling.
You feel magically purged.
Your magical contamination has completely faded away.
You feel less woody.
Your cursed -1 cloak unmelds from your body.
Your +1 pair of gloves unmelds from your body.
Your +0 robe unmelds from your body.
You flicker back into view.
You feel a little less clever now.
You die...

..#########........#..#
..# ###.........# ###
#......#.## #####.##.#
#.##.# #.##.# #>##.#
#######s##.##
#....>@.##..#
#.############ #.######
##>## #.#....# 8...8
#.#.#####.....# # #...#
8.....8 #
###.#####.....## ##
#....##8...8# .##
###.##


You could see a scorpion.

Vanquished Creatures
  Eustachio (D:4)
  A phantom (D:4)
  An oklob sapling (D:4)
  3 orc priests
  An orc wizard (D:4)
  An iguana (D:4)
  A hound skeleton (D:4)
  A gnoll (D:1)
  9 adders
  A shadow imp (D:4)
  3 worms
  5 dart slugs
  A leopard gecko (D:1)
  9 orcs
  11 bats
  3 giant cockroaches
  10 goblins
  5 hobgoblins
  8 jackals
  A quokka (D:4)
  A ball python (D:1)
  7 frilled lizards
  9 kobolds
  A leopard gecko skeleton (D:4)
  11 rats
  A plant (D:4)
106 creatures vanquished.

Notes
Turn   | Place    | Note
-------+----------+-------------------------------------------
     0 | D:1      | Reinor the Tengu Air Elementalist began the quest for the Orb.
     0 | D:1      | Reached XP level 1. HP: 10/10 MP: 4/4
   279 | D:1      | Reached XP level 2. HP: 15/15 MP: 1/6
   583 | D:1      | Reached XP level 3. HP: 19/19 MP: 5/7
   927 | D:1      | Learned a level 2 spell: Repel Missiles
  1000 | D:2      | Reached skill level 5 in Air Magic
  1195 | D:2      | Reached XP level 4. HP: 24/24 MP: 0/8
  1549 | D:2      | Found a snail-covered altar of Cheibriados.
  1666 | D:2      | Found an opulent altar of Gozag.
  2012 | D:3      | Gained mutation: You can fly. [Tengu growth]
  2012 | D:3      | Reached XP level 5. HP: 28/28 MP: 7/10
  2402 | D:3      | Found a shattered altar of Ashenzari.
  2628 | D:3      | Found a bloodstained altar of Trog.
  2669 | D:3      | Found a sparkling altar of Nemelex Xobeh.
  2716 | D:3      | Found a faded altar of an unknown god.
  2819 | D:4      | Noticed a phantom
  2858 | D:3      | Learned a level 5 spell: Lightning Bolt
  2877 | D:4      | Killed a phantom
  2877 | D:4      | Reached skill level 6 in Air Magic
  2877 | D:4      | Reached XP level 6. HP: 24/32 MP: 1/12
  2969 | D:4      | Found a burning altar of Makhleb.
  3163 | D:4      | Found an ancient bone altar of Kikubaaqudgha.
  3203 | D:4      | Found a staircase to the Ecumenical Temple.
  3403 | Temple   | Entered the Ecumenical Temple
  3457 | D:4      | Found a deep blue altar of Sif Muna.
  3461 | D:4      | Became a worshipper of Sif Muna the Loreminder
  3638 | D:4      | Reached XP level 7. HP: 33/36 MP: 10/14
  3725 | D:4      | Reached skill level 5 in Dodging
  4016 | D:5      | Entered Level 5 of the Dungeon
  4016 | D:5      | Noticed Eustachio
  4078 | D:4      | HP: 1/36 [poisoned by an adder]
  4504 | D:4      | Killed Eustachio
  4504 | D:4      | Reached skill level 7 in Air Magic
  4509 | D:4      | Learned a level 3 spell: Static Discharge
  4663 | D:4      | Gained mutation: Your spells are a little harder to cast, but a little more powerful. [potion of mutation]
  4663 | D:4      | Gained mutation: You are weak. (Str -2) [potion of mutation]
  4663 | D:4      | Gained mutation: You have sharp fingernails. [potion of mutation]
  4666 | D:4      | HP: 2/54 [scorpion (1)]
  4668 | D:4      | Succumbed to a scorpion's poison

Skill      XL: |  1  2  3  4  5  6  7 |
---------------+----------------------+-----
Dodging        | 3 4 5 |  5.4
Air Magic      | 5 6 7 |  7.2
Spellcasting   | 3 4 |  4.4
Stealth        | |  2.0
Conjurations   | |  1.3

Action                   |  1- 3 |  4- 6 |  7- 9 || total
-------------------------+-------+-------+-------++-------
Melee: Dagger            |    24 |       |       ||    24
       Peck              |     5 |     7 |     4 ||    16
       Kick              |     3 |     9 |     3 ||    15
       Quarterstaff      |       |    40 |    23 ||    63
 Cast: Shock             |    54 |   127 |    52 ||   233
       Repel Missiles    |       |     1 |       ||     1
  Use: Scroll            |     4 |       |     4 ||     8
       Potion            |       |       |     6 ||     6
 Stab: Sleeping          |       |     4 |     1 ||     5
  Eat: Chunk             |     1 |     8 |     2 ||    11
       Beef jerky        |       |       |     1 ||     1
Armor: Robe              |     9 |     9 |    10 ||    28
       Skin              |       |       |     2 ||     2
Dodge: Dodged            |    29 |    47 |    66 ||   142
